 Dungeon Crawl Stone Soup version 0.29.1-2-gbd0b4ee654 (webtiles) character file.

Game seed: 18337352174191812640

81 zeram the Caller (level 4, -5/21 HPs)
             Began as a Spriggan Summoner on Nov 18, 2022.
             Killed from afar by Ijyb (20 damage)
             ... with a bolt of acid
             ... on level 3 of the Dungeon.
             The game lasted 00:05:55 (2008 turns).

zeram the Caller (Spriggan Summoner)                Turns: 2008, Time: 00:05:56

Health: -5/21      AC:  3    Str:  4    XL:     4   Next: 20%
Magic:  8/10       EV: 17    Int: 18    God:
Gold:   66         SH:  0    Dex: 15    Spells: 4/10 levels left

rFire   . . .      SeeInvis +   c - +1 sling (flame)
rCold   . . .      Faith    .   (no shield)
rNeg    . . .      Spirit   .   a - +1 robe
rPois   .          Reflect  .   (helmet restricted)
rElec   .          Harm     .   (no cloak)
rCorr   .          Rampage  .   (gloves unavailable)
Will    .....                   (boots unavailable)
Stlth   ++........              (no amulet)
HPRegen 0.07/turn               (no ring)
MPRegen 0.12/turn               (no ring)

@: very slightly contaminated, very quick
A: very small, no large weapons, unfitting armour, see invisible, speed 3
a: no special abilities


You were on level 3 of the Dungeon.
You visited 1 branch of the dungeon, and saw 3 of its levels.

You collected 66 gold pieces.

Inventory:

Hand Weapons
 c - a +1 sling of flaming (weapon)
 d - a +0 dagger
Armour
 a - a +1 robe (worn)
Scrolls
 i - 2 scrolls of fear
 j - 2 scrolls of noise {unknown}
 k - a scroll of immolation {unknown}
Potions
 b - a potion of magic
 e - a potion of invisibility {unknown}
 f - a potion of haste {unknown}
 g - 2 potions of curing {unknown}
 h - 2 potions of heal wounds {unknown}


   Skills:
 - Level 0.1 Short Blades
 + Level 1.6 Ranged Weapons
 + Level 3.3 Dodging
 - Level 3.0 Stealth
 - Level 0.3 Unarmed Combat
 + Level 3.5 Spellcasting
 + Level 3.8 Summonings


You had 4 spell levels left.
You knew the following spells:

 Your Spells              Type           Power      Damage    Failure   Level
a - Summon Small Mammal   Summ           68%        N/A       3%          1
b - Call Imp              Summ           17%        N/A       4%          2
c - Call Canine Familiar  Summ           17%        N/A       10%         3

Your spell library contained the following spells:

 Spells                   Type           Power      Damage    Failure   Level
 Summon Guardian Golem    Hex/Summ       10%        N/A       22%         3
 Summon Lightning Spire   Summ/Air       10%        N/A       56%         4


Dungeon Overview and Level Annotations

Branches:
Dungeon (3/15)

Altars:
Trog

Shops:
D:2 *

Annotations:
D:3 Ijyb


Innate Abilities, Weirdness & Mutations

You are very small and have problems with some larger weapons.
You are too small for most types of armour.
You have supernaturally acute eyesight. (SInv)
You cover ground extremely quickly. (Speed+++)


Message History

You shoot a sling bullet.
The sling bullet closely misses the quokka.
You shoot a sling bullet. The sling bullet hits the quokka.
The sling bullet burns the quokka.
You kill the quokka!
HP restored.
Items here: )) [ †.
Found an escape hatch in the floor.
A quokka comes into view.
A quokka is nearby!
A quokka is nearby!
A quokka is nearby!
A quokka is nearby!
You shoot a sling bullet. The sling bullet hits the quokka.
The sling bullet burns the quokka.
You kill the quokka!
You now have 66 gold pieces (gained 17).
Ijyb the Twisted Goblin comes into view.
She is wielding a +0 club and carrying a wand of acid (2).
You shoot a sling bullet. The sling bullet hits Ijyb.
The sling bullet burns Ijyb.
Ijyb shouts!
Ijyb is lightly wounded.
You hear an angry hiss.
An adder comes into view.
Ijyb zaps a wand.
The bolt of acid hits you.
Casting: Summon Small Mammal (safe; 3% risk of failure)
Confirm with . or Enter, or press ? or * to list all spells.
You miscast Summon Small Mammal.
You are very lightly contaminated with residual magic.
Nothing appears to happen.
Unknown command.
Casting: Summon Small Mammal (safe; 3% risk of failure)
Confirm with . or Enter, or press ? or * to list all spells.
Unknown command.
You shoot a sling bullet. The sling bullet hits Ijyb.
The sling bullet burns Ijyb.
Ijyb is moderately wounded.
Ijyb zaps a wand.
The bolt of acid hits you!!
Ouch! That really hurt!
You die...

### ## .... .##
..... ..######.
##...##........
.
.......rg.S....
.. #.....@## #.
#..###..##
#..#..###...#
#....>....#.#
#...#..####.##
#...#.........
##......#####.#
........# ..
#######.# ..


You could see Ijyb (ally target), an adder and a friendly quokka (summoned).

Vanquished Creatures
  An orc wizard (D:3)
  3 orcs (D:3)
  4 ball pythons
  An endoplasm (D:2)
  3 giant cockroaches
  4 hobgoblins (D:1)
  6 quokkas
  5 bats
  A frilled lizard (D:1)
  A goblin (D:1)
  4 kobolds
  2 rats
35 creatures vanquished.

Vanquished Creatures (collateral kills)
  A dart slug (D:1)
  An orc (D:3)
  2 goblins (D:1)
  3 hobgoblins (D:1)
  A kobold (D:1)
  2 quokkas (D:1)
10 creatures vanquished.

Grand Total: 45 creatures vanquished

Notes
Turn   | Place    | Note
-------+----------+-------------------------------------------
     0 | D:1      | zeram the Spriggan Summoner began the quest for the Orb.
     0 | D:1      | Reached XP level 1. HP: 9/9 MP: 5/5
   294 | D:1      | Reached XP level 2. HP: 13/13 MP: 4/6
   596 | D:1      | Found a faded altar of an unknown god.
   845 | D:1      | Reached XP level 3. HP: 15/16 MP: 8/8
  1400 | D:2      | Found Ofug's General Store.
  1474 | D:2      | Found a bloodstained altar of Trog.
  1705 | D:3      | Learned a level 2 spell: Call Imp
  1709 | D:3      | Learned a level 3 spell: Call Canine Familiar
  1938 | D:3      | Reached skill level 1 in Ranged Weapons
  1938 | D:3      | Reached XP level 4. HP: 18/21 MP: 6/10
  2004 | D:3      | Noticed Ijyb
  2008 | D:3      | Killed from afar by Ijyb

Illustrated notes

Levels and vault maps discovered:
D:1:      scummos_arrival_hexagon, layout_loops_ring,
          hellmonk_ecumenical_altar_leap_of_faith, nrook_campfire
D:2:      layout_rooms, basic_altar, serial_shops, shop,
          kennysheep_generic_room_10
D:3:      layout_basic, minmay_distorted, uniq_terence, uniq_robin, uniq_ijyb

Skill      XL: |  1  2  3 |
---------------+----------+-----
Spellcasting   | 3 |  3.5
Dodging        | 3 |  3.3
Ranged Weapons | 1 |  1.6
Short Blades   | |  0.1
Stealth        | |  3.0
Unarmed Combat | |  0.3
Summonings     | |  3.8

Action                   |  1- 3 |  4- 6 || total
-------------------------+-------+-------++-------
Melee: Unarmed           |    28 |       ||    28
       Dagger            |    68 |       ||    68
 Fire: Sling             |    45 |     6 ||    51
 Cast: Summon Small Mamm |    25 |     1 ||    26
       Call Imp          |     1 |       ||     1
  Use: Scroll            |     5 |       ||     5
 Stab: Distracted        |     1 |       ||     1
       Sleeping          |     4 |       ||     4
Armor: Robe              |    20 |       ||    20
Dodge: Dodged            |    90 |       ||    90
